 Dungeon Crawl Stone Soup version 0.31.0-12-g77e489cdc1 (webtiles) character file.

Game seed: 3143379531495212666

14979 Doomgape the Grappler (level 11, 0/103 HPs)
             Began as a Troll Fighter on Mar 4, 2024.
             Was a Believer of Hepliaklqana.
             Succumbed to a death drake's dark miasma
             ... on level 13 of the Dungeon.
             The game lasted 00:27:36 (8976 turns).

Doomgape the Grappler (Troll Fighter)               Turns: 8976, Time: 00:27:37

Health: 0/103      AC: 10    Str: 30    XL:     11   Next: 95%
Magic:  10/10      EV: 11    Int:  4    God:    Hepliaklqana [**....]
Gold:   676        SH: 11    Dex: 15    Spells: 10/10 levels left

rFire   . .          .
                       - Unarmed
rCold   . . .        b - +0 kite shield
rNeg    . . .        a - +0 robe
rPois   .            c - +2 hat
rElec   .            (no cloak)
rCorr   .            (gloves unavailable)
SInv    .            (boots unavailable)
Will    .....        (no amulet)
Stlth   +            j - +4 ring of protection
HPRegen 1.17/turn    u - +6 ring of dexterity
MPRegen 0.12/turn

%: no passive effects
@: lethally poisoned (0 -> -68), slowed, very slow
A: reduced essence, large, unfitting armour, claws 3, regeneration 1, shaggy fur
1, tough skin 1
a: Renounce Religion, Ancestor Life: Knight, Ancestor Life: Battlemage, Ancestor
Life: Hexer, Recall Ancestor, Ancestor Identity


You were on level 13 of the Dungeon.
You worshipped Hepliaklqana.
Hepliaklqana was pleased with you.
You visited 2 branches of the dungeon, and saw 13 of its levels.

You collected 718 gold pieces.
You spent 42 gold pieces at shops.

Inventory:

Armour
 a - a +0 robe (worn)
 b - a +0 kite shield (worn)
 c - a +2 hat (worn)
Jewellery
 j - a +4 ring of protection (left claw)
 q - a ring of fire
 u - a +6 ring of dexterity (right claw)
 v - a ring of protection from cold
Wands
 i - a wand of quicksilver (1)
 o - a wand of flame (41)
Scrolls
 f - 2 scrolls of vulnerability
 g - 4 scrolls of teleportation
 k - 2 scrolls of fog
 m - a scroll of fear
 r - 9 scrolls of identify
 w - 2 scrolls of amnesia
Potions
 d - 2 potions of haste
 e - 7 potions of curing
 h - 2 potions of attraction {unknown}
 l - a potion of degeneration {unknown}
 p - a potion of brilliance {unknown}
 s - 2 potions of ambrosia {unknown}
 t - a potion of mutation {unknown}
 z - 2 potions of berserk rage {unknown}
 A - a potion of resistance {unknown}
 B - a potion of enlightenment {unknown}


   Skills:
 - Level 9.3 Fighting
 - Level 6.0 Dodging
 + Level 9.1 Shields
 + Level 11.4 Unarmed Combat
 + Level 2.9 Evocations


You had 10 spell levels left.
You didn't know any spells.
Your spell library contained the following spells:

 Spells                   Type           Power      Damage    Failure   Level
 Apportation              Tloc           0%         N/A       67%         1
 Magic Dart               Conj           0%         1d3       67%         1
 Blink                    Tloc           0%         N/A       80%         2
 Call Imp                 Summ           0%         N/A       80%         2
 Jinxbite                 Hex            0%         N/A       80%         2
 Lesser Beckoning         Tloc           0%         N/A       80%         2
 Momentum Strike          Conj/Tloc      0%         3d8       80%         2
 Call Canine Familiar     Summ           0%         N/A       95%         3
 Sigil of Binding         Hex            0%         N/A       95%         3
 Tukima's Dance           Hex            0%         N/A       95%         3
 Dimensional Bullseye     Hex/Tloc       0%         N/A       100%        4
 Passage of Golubria      Tloc           0%         N/A       100%        4
 Vhi's Electric Charge    Tloc/Air       0%         N/A       100%        4
 Alistair's Intoxication  Alch           0%         N/A       100%        5
 Arcjolt                  Conj/Air       0%         1d10      100%        5
 Yara's Violent Unravell  Hex/Alch       0%         3d3       100%        5
 Plasma Beam              Fire/Air       0%         2x1d10    100%        6


Dungeon Overview and Level Annotations

Branches:
Dungeon (13/15)            Temple (1/1) D:7            Lair (0/5) D:9
    Orc (0/2) D:12
 Vaults: D:13-14

Altars:
Ashenzari
Cheibriados
Dithmenos
Elyvilon
Fedhas
Gozag
Hepliaklqana
Makhleb
Nemelex Xobeh
Okawaru
Qazlal
Ru
Trog
Uskayaw
Wu Jian
Xom
Yredelemnul
Zin
The Shining One

Shops:
D:6 !::   D:12 =

Annotations:
D:3 3 runed translucent doors, Killerpretzel's ghost, amateur OpSh


Innate Abilities, Weirdness & Mutations

Your life essence is reduced to manifest your ancestor. (-10% HP)
You are too large for most types of armour.
You have claws for hands.
Your natural rate of healing is unusually fast.
You are covered in fur. (AC +1)
You have tough skin. (AC +1)


Message History

The centaur warrior kicks you but does no damage.
You block the centaur warrior's attack.
The centaur warrior kicks you but does no damage.
You mangle the centaur warrior!!
The centaur warrior is moderately wounded.
The centaur warrior hits you. The centaur warrior barely misses you.
You mangle the centaur warrior!!
The centaur warrior is almost dead.
You block the centaur warrior's attack.
The centaur warrior kicks you but does no damage.
You claw the centaur warrior!
You kill the centaur warrior!
Things that are here:
a +0 orcbow; a centaur corpse You start resting.
A death drake is nearby!
You see here a scroll of fear.
The death drake hisses angrily.
The death drake breathes miasma at you. The foul vapour misses you.
You are engulfed in dark miasma.
You are poisoned.
You feel very sick. The death drake bites you.
You mangle the death drake!!
The death drake is heavily wounded.
You are engulfed in dark miasma.
You are more poisoned.
You feel yourself slow down.
You feel extremely sick. The death drake breathes miasma at you.
The foul vapour engulfs you!!
You are lethally poisoned!
You feel as though you will be slow longer.
* * * LOW HITPOINT WARNING * * *
You miss the death drake.
The death drake is heavily wounded.
You are engulfed in dark miasma.
You are more poisoned.
* * * LOW HITPOINT WARNING * * *
You die...

############## ###
#............#
..###.##########)#
#..........##.°..#
#####.###...#..°°#
#...#.........°○###
#.##.###.....○°@°°#
##.##........○○○k°.#
...#######....○○○..#
#### #....○<.○## #
#.....$... #
##.......## #
.........# #
##.......# #


You could see a death drake.

Vanquished Creatures
  A centaur warrior (D:13)
  3 two-headed ogres
  A boulder beetle (D:12)
  Pikel (D:8)
  2 cyclopes (D:12)
  2 manticores (D:12)
  Jeremiah (D:6)
  A kobold demonologist (D:8)
  3 trolls
  Prince Ribbit (D:5)
  A hornet (D:7)
  3 shadows
  A wyvern (D:9)
  3 wraiths
  24 yaks
  3 basilisks
  An acid dragon (D:12)
  A water moccasin (D:9)
  Duvessa (D:7)
  2 ice beasts (D:7)
  3 orc warriors
  2 centaurs
  3 phantoms
  2 kobold brigands (D:8)
  3 scorpions
  A two-headed ogre simulacrum (D:12)
  Dowan (D:7)
  3 wights (D:9)
  4 killer bees (D:8)
  5 howler monkeys
  3 jellies
  3 hounds
  2 gnoll boudas
  2 orc priests
  3 sleepcaps
  Crazy Yiuf (D:2)
  Ijyb (D:4)
  4 iguanas
  Natasha (thrice) (D:2)
  10 orc wizards
  2 troll simulacra (D:12)
  A polar bear simulacrum (D:12)
  A spriggan simulacrum (D:12)
  Robin (D:4)
  11 gnolls
  14 adders
  3 naga simulacra (D:12)
  A white imp (D:7)
  2 ufetubi (D:6)
  2 ribbon worms
  A dart slug (D:2)
  38 orcs
  6 bats
  5 endoplasms
  A giant cockroach (D:3)
  16 goblins
  14 hobgoblins
  10 jackals (D:1)
  2 quokkas
  10 ball pythons
  A frilled lizard (D:3)
  11 kobolds
  5 rats
  A spectral hobgoblin (D:13)
274 creatures vanquished.

Vanquished Creatures (collateral kills)
  A yak (D:9)
  A bullfrog (D:9)
2 creatures vanquished.

Vanquished Creatures (others)
  An ancestor (D:10)
1 creature vanquished.

Grand Total: 277 creatures vanquished

Notes
Turn   | Place    | Note
-------+----------+-------------------------------------------
     0 | D:1      | Doomgape the Troll Fighter began the quest for the Orb.
     0 | D:1      | Reached XP level 1. HP: 22/22 MP: 0/0
   161 | D:1      | Reached XP level 2. HP: 29/29 MP: 1/1
   503 | D:1      | Reached XP level 3. HP: 36/36 MP: 2/2
   660 | D:2      | Noticed Natasha
   668 | D:2      | Killed Natasha
   845 | D:2      | Reached XP level 4. HP: 44/44 MP: 3/3
   910 | D:2      | Noticed Natasha
   927 | D:2      | Killed Natasha
   989 | D:2      | Reached skill level 3 in Unarmed Combat
  1042 | D:2      | Noticed Natasha
  1055 | D:2      | Killed Natasha
  1102 | D:2      | Found an opulent altar of Gozag.
  1195 | D:2      | Found a runed translucent door.
  1196 | D:2      | Noticed Crazy Yiuf
  1275 | D:2      | Killed Crazy Yiuf
  1276 | D:2      | Reached XP level 5. HP: 47/53 MP: 4/4
  1398 | D:3      | Found a runed translucent gate.
  1398 | D:3      | Found a runed translucent gate.
  1398 | D:3      | Found a runed translucent gate.
  1540 | D:3      | Found an ornate altar of the Wu Jian Council.
  1583 | D:3      | Noticed Killerpretzel's ghost (amateur OpSh)
  1606 | D:3      | Found a sacrificial altar of Ru.
  1607 | D:3      | Found a stormy altar of Qazlal.
  1856 | D:3      | Reached XP level 6. HP: 62/62 MP: 5/5
  2093 | D:3      | Found a glowing silver altar of Zin.
  2265 | D:4      | Reached skill level 4 in Unarmed Combat
  2471 | D:4      | Noticed Ijyb
  2472 | D:4      | Noticed Robin
  2492 | D:4      | Killed Ijyb
  2519 | D:4      | Reached XP level 7. HP: 69/70 MP: 6/6
  2529 | D:4      | Killed Robin
  2806 | D:4      | Found a sparkling altar of Nemelex Xobeh.
  2867 | D:4      | Found a hide-covered altar of Uskayaw.
  2867 | D:4      | Found a snail-covered altar of Cheibriados.
  3180 | D:5      | Entered Level 5 of the Dungeon
  3402 | D:5      | Noticed Prince Ribbit
  3433 | D:5      | Reached skill level 5 in Unarmed Combat
  3448 | D:5      | Killed Prince Ribbit
  3484 | D:5      | Reached skill level 5 in Fighting
  3497 | D:5      | Reached skill level 5 in Dodging
  3497 | D:5      | Reached XP level 8. HP: 79/80 MP: 7/7
  3612 | D:5      | Found an iron altar of Okawaru.
  4053 | D:6      | Found Fokkuoc's Book Shop.
  4217 | D:6      | Found Tituemef's Distillery.
  4220 | D:6      | Bought a potion of curing for 42 gold pieces
  4237 | D:6      | Found Soropt's Book Boutique.
  4334 | D:6      | Reached skill level 6 in Unarmed Combat
  4411 | D:6      | Noticed Jeremiah
  4423 | D:6      | Killed Jeremiah
  5026 | D:7      | Noticed Dowan
  5027 | D:7      | Noticed Duvessa
  5036 | D:7      | Killed Duvessa
  5037 | D:7      | Reached XP level 9. HP: 83/89 MP: 8/8
  5043 | D:7      | Reached skill level 7 in Unarmed Combat
  5044 | D:7      | Killed Dowan
  5190 | D:7      | Found a staircase to the Ecumenical Temple.
  5207 | Temple   | Entered the Ecumenical Temple
  5215 | Temple   | Became a worshipper of Hepliaklqana the Forgotten
  5591 | D:8      | Noticed Pikel
  5600 | D:8      | Killed Pikel
  5703 | D:8      | Noticed a kobold demonologist
  5712 | D:8      | Noticed a red devil
  5713 | D:8      | Noticed a hellwing
  5724 | D:8      | Killed a kobold demonologist
  5725 | D:8      | Reached skill level 5 in Shields
  5725 | D:8      | Reached skill level 8 in Unarmed Combat
  6099 | D:8      | Noticed a two-headed ogre
  6105 | D:8      | Killed a two-headed ogre
  6106 | D:8      | Reached XP level 10. HP: 102/102 MP: 9/9
  6497 | D:9      | Found a staircase to the Lair.
  6499 | D:9      | Reached * piety under Hepliaklqana
  6540 | D:9      | Reached skill level 9 in Unarmed Combat
  6707 | D:9      | Noticed a two-headed ogre
  6714 | D:9      | Killed a two-headed ogre
  6973 | D:9      | Found a shadowy altar of Dithmenos.
  7487 | D:9      | Reached skill level 10 in Unarmed Combat
  7552 | D:10     | Entered Level 10 of the Dungeon
  7576 | D:10     | Reached XP level 11. HP: 74/101 MP: 10/10
  7735 | D:10     | You fall into a shaft and drop 2 floors!
  7735 | D:12     | Reached ** piety under Hepliaklqana
  7736 | D:12     | Found a frozen archway.
  7969 | D:12     | Noticed a two-headed ogre
  7981 | D:12     | Killed a two-headed ogre
  7987 | D:12     | Reached skill level 1 in Evocations
  8177 | D:12     | Found a staircase to the Orcish Mines.
  8286 | D:12     | Noticed a boulder beetle
  8300 | D:12     | Reached skill level 11 in Unarmed Combat
  8304 | D:12     | Killed a boulder beetle
  8419 | D:12     | Found a glowing golden altar of the Shining One.
  8586 | D:12     | Found Tenkeh's Jewellery Emporium.
  8875 | D:13     | Found a hazy altar of Hepliaklqana.
  8956 | D:13     | Noticed a centaur warrior
  8957 | D:13     | Noticed a death drake
  8968 | D:13     | Killed a centaur warrior
  8976 | D:13     | Succumbed to a death drake's dark miasma

Illustrated notes

Levels and vault maps discovered:
D:1:      roadster_arrival_rocket_large, layout_loops_cross
D:2:      layout_basic, basic_altar, uniq_crazy_yiuf_cottage, uniq_natasha
D:3:      layout_loops_corners, nzn_wu_jian_contemplation,
          mainiacjoe_overflow_six_doors_small,
          mainiacjoe_overflow_catwalk_spiral, gammafunk_ghost_icy,
          minmay_snake_closets
D:4:      minmay_general_purpose_star, layout_basic,
          mainiacjoe_overflow_divided_tiny, nemelex_spade_bored_becter,
          nicolae_concentric_dashed_squares_mild, hangedman_decor_points,
          uniq_robin, uniq_ijyb
D:5:      layout_rooms, okawaru_trees_1, uniq_prince_ribbit1
D:6:      layout_layer_cave, serial_shops, nicolae_shop_behind_doors,
          kennysheep_mini, shop, uniq_jeremiah
D:7:      layout_gridville, minmay_temple_entry_waves,
          corexii_item_surrounded_by_moat, uniq_duvessa
D:8:      layout_loops_ring, serial_bayou_lagoon_a, uniq_pikel
D:9:      layout_loops_corners, nicolae_dithmenos_the_darkroom,
          david_lair_generic
D:10:     layout_basic, grunt_temple_overflow_magic_moments
D:12:     layout_basic, portal_ice_cave_entry_ice_simulacra, serial_shops, shop,
          nicolae_tso_swordbearing_angel
D:13:     layout_loops_ring, hellmonk_vaults_keyhole,
          nicolae_hepliaklqana_monster_ancestors
Temple:   eino_temple_lava

Skill      XL: |  1  2  3  4  5  6  7  8  9 10 11 |
---------------+----------------------------------+-----
Shields        | 3 5 7 9 |  9.1
Fighting       | 3 4 5 6 7 8 9 |  9.3
Dodging        | 3 4 5 6 |  6.0
Unarmed Combat | 3 4 5 6 8 10 11 | 11.4
Evocations     | 2 |  2.9

Action                     |  1- 3 |  4- 6 |  7- 9 | 10-12 || total
---------------------------+-------+-------+-------+-------++-------
  Melee: Unarmed           |   113 |   197 |   249 |   339 ||   898
 Invoke: Ancestor Identity |       |       |       |     1 ||     1
  Evoke: Wand              |       |       |     8 |     5 ||    13
    Use: Scroll            |       |     2 |     4 |     5 ||    11
         Potion            |       |     1 |     2 |     1 ||     4
   Stab: Sleeping          |     1 |     2 |     1 |     2 ||     6
         Distracted        |       |       |       |     1 ||     1
 Armour: Robe              |    66 |   130 |   143 |   151 ||   490
  Dodge: Dodged            |    34 |    89 |    94 |   113 ||   330
  Block: Kite shield       |    42 |    70 |    91 |   150 ||   353
